Map: Orbital Shipyard

Players

polycarp

  • Race: Zerg Zerg
  • League: Silver

Anti - Winner!

  • Race: Zerg Zerg
  • League: Silver

VOD

Have the link to the VOD?

Description

A standard opener vs a fast ling bling attack.

Time

  • Played on: Sept. 19, 2015, 5:25 p.m.
  • Length: 5:34
Show
View Real Time Build Order
Export as new Build Order

polycarp Zerg 

Build Orders: Pool First, Zergling Baneling 

Get SALT Encoding   

  12  0:00  Drone  
  13  0:08  Drone  
  14  0:25  Spawning Pool  
  13  0:28  Drone  
  13  0:32  Extractor  
  13  0:39  Overlord  
  13  0:43  Drone  
  14  1:01  Drone x2  
  16  1:13  Zergling x4  
  16  1:15  Queen  
  20  1:23  Zergling x2  
  21  1:49  Zergling x2  
  21  1:50  Metabolic Boost  
  22  1:55  Overlord  
  22  2:00  Baneling Nest  
  21  2:05  Zergling x2  
  22  2:18  Zergling x4  
  24  2:26  Zergling x6  
  24  2:27  Zergling x2  
  28  2:35  Zergling x2  
  26  2:51  Zergling x2  
  26  3:01  Baneling x2  
  26  3:03  Zergling x2  
  27  3:13  Baneling x2  
  27  3:14  Baneling x2  
  27  3:16  Baneling x2  
  27  3:17  Baneling  
  19  3:44  Zergling x6  
  22  3:55  Zergling x4  
  22  3:57  Overlord  
  22  4:06  Hatchery  
  21  4:11  Spine Crawler  
  21  4:13  Queen  
  19  4:27  Zergling x8  
  19  4:28  Zergling x2  
  5  5:13  Zergling x4  
Show
View Real Time Build Order
Export as new Build Order

Anti Zerg - Winner!

Build Orders: Hatch First 

Get SALT Encoding   

  12  0:01  Drone  
  13  0:08  Drone  
  14  0:17  Overlord  
  14  0:27  Extractor  
  14  0:28  Drone  
  14  0:35  Drone x2  
  17  0:54  Hatchery  
  17  0:56  Drone  
  17  1:02  Extractor  
  16  1:13  Spawning Pool  
  16  1:17  Drone  
  16  1:19  Drone  
  17  1:28  Drone x2  
  19  1:39  Overlord  
  19  1:59  Queen  
  19  2:01  Zergling x4  
  23  2:06  Queen  
  23  2:07  Metabolic Boost  
  25  2:10  Drone  
  26  2:18  Drone x2  
  29  2:22  Zergling x2  
  29  2:34  Zergling x4  
  30  2:55  Zergling x8  
  30  2:57  Baneling Nest  
  33  3:00  Zergling x2  
  34  3:06  Overlord  
  34  3:11  Overlord  
  34  3:24  Queen  
  19  3:44  Zergling x2  
  19  3:45  Zergling x16  
  25  3:49  Baneling  
  25  4:31  Zergling x6  
  23  4:51  Zergling x2  
Tags
 
Add a new tag
Caveats
  • Supply blocks, unpowered buildings, or Contaminate may cause inaccurate times.
  • Supply counts are checked every 10 seconds.